 Dungeon Crawl Stone Soup version 0.30-a0-368-g86fb4627a9 (webtiles) character file.

Game seed: 5746795971987435042

135961 MTVSty1e the Executioner (level 16, -4/155 HPs)
             Began as a Minotaur Fighter on Nov 6, 2022.
             Was a High Priest of Okawaru.
             Slain by a merfolk
             ... wielding a +0 trident of flaming
              (9 damage)
             ... on level 1 of the Shoals on Nov 18, 2022.
             The game lasted 00:52:56 (36478 turns).

MTVSty1e the Executioner (Minotaur Fighter)        Turns: 36478, Time: 00:52:57

Health: -4/155     AC: 22    Str: 29    XL:     16   Next: 65%
Magic:  22/22      EV:  6    Int:  5    God:    Okawaru [*****.]
Gold:   1839       SH:  0    Dex: 20    Spells: 15/15 levels left

rFire   x . .      SeeInvis +    Y - +3 broad axe (pain)
rCold   + + +      Faith    .    R - +0 tower shield {rPois}
rNeg    . . .      Spirit   .    y - +7 plate armour of the Fortifying Gods {SInv}
rPois   +          Reflect  .    C - +0 hat "Qirghidi" {Dex+4}
rElec   +          Harm     .    S - scarf {repulsion}
rCorr   +          Rampage  .    (no gloves)
Will    +....                    (no boots)
Stlth   ..........               (no amulet)
HPRegen 0.45/turn                j - ring of resist corrosion
MPRegen 0.18/turn                F - ring of Pecho {rElec rPois rF- rC+++ Dex+6}

@: confused, ambrosia-drunk, mesmerised, studying Long Blades, repel missiles
A: horns 2, retaliatory headbutt
a: Renounce Religion, Heroism, Finesse, Duel


You were on level 1 of the Shoals.
You worshipped Okawaru.
Okawaru was extremely pleased with you.
You visited 6 branches of the dungeon, and saw 25 of its levels.
You also visited: Bailey and Gauntlet.

You collected 2719 gold pieces.
You spent 880 gold pieces at shops.

Inventory:

Hand Weapons
 p - a +8 hand axe of flaming
 Y - a +3 broad axe of pain (weapon)
Missiles
 n - 15 throwing nets (quivered)
Armour
 g - a +2 cloak of poison resistance
 k - the +2 cloak of Chill Winds {rPois rN++ Str-5 Dex+2}
   (Okawaru gifted it to you on level 2 of the Orcish Mines)

   Str:       It affects your strength (-5).
   Dex:       It affects your dexterity (+2).
   rPois:     It protects you from poison.
   rN:        It greatly protects you from negative energy.
 y - the +7 plate armour of the Fortifying Gods (worn) {SInv}
   (Okawaru gifted it to you on level 12 of the Dungeon)

   SInv:      It lets you see invisible.
 C - the +0 hat "Qirghidi" (worn) {Dex+4}
   (Okawaru gifted it to you on level 4 of the Lair of Beasts)

   Dex:       It affects your dexterity (+4).
 R - a +0 tower shield of poison resistance (worn)
 S - a scarf of repulsion (worn)
Jewellery
 j - a ring of resist corrosion (left hand)
 r - a ring of positive energy
 s - a ring of positive energy
 F - the ring of Pecho (right hand) {rElec rPois rF- rC+++ Dex+6}
   (You acquired it on level 8 of the Dungeon)

   [ring of dexterity]

   Dex:       It affects your dexterity (+6).
   rF:        It makes you vulnerable to fire.
   rC:        It renders you almost immune to cold.
   rElec:     It insulates you from electricity.
   rPois:     It protects you from poison.
 I - a +4 ring of evasion
 N - a ring of flight
 T - the ring of Shadows {Umbra +Inv Stlth+}
   (You found it in a Gauntlet)

   [ring of stealth]

   It surrounds you with an aura of shadow, increasing your stealth and reducing
   the accuracy of all others within it.
   +Inv:      It lets you turn invisible.
   Stlth:     It makes you more stealthy.
 V - the ring of Mugo Budda {Fly rPois EV+4 Str+4}
   (You found it in a Gauntlet)

   [ring of evasion]

   EV:        It affects your evasion (+4).
   Str:       It affects your strength (+4).
   rPois:     It protects you from poison.
   Fly:       It grants you flight.
 W - an amulet of guardian spirit
Wands
 b - a wand of paralysis (8)
 w - a wand of mindburst (14)
 D - a wand of polymorph (22)
 H - a wand of acid (4)
 O - a wand of flame (18)
 X - a wand of roots (6)
Scrolls
 a - 2 scrolls of magic mapping
 c - a scroll of enchant armour
 e - 7 scrolls of vulnerability
 l - 3 scrolls of silence
 u - 11 scrolls of identify
 E - 2 scrolls of fear
 K - 2 scrolls of amnesia
 L - a scroll of poison
Potions
 d - 7 potions of brilliance
 f - 4 potions of might
 h - 22 potions of curing
 i - a potion of magic
 o - 6 potions of resistance
 t - 5 potions of attraction
 x - 3 potions of mutation
 z - 4 potions of berserk rage
 A - 4 potions of flight
 B - 3 potions of lignification
 M - 2 potions of ambrosia


   Skills:
 + Level 17.5 Fighting
 * Level 23.5 Axes
 + Level 12.8 Armour
 * Level 13.3 Shields
 + Level 10.3 Invocations


You had 15 spell levels left.
You didn't know any spells.
Your spell library contained the following spells:

 Spells                   Type           Power      Damage    Failure   Level
 Apportation              Tloc           0%         N/A       100%        1
 Necrotise                Necr           0%         1d4       100%        1
 Ensorcelled Hibernation  Hex/Ice        0%         N/A       100%        2
 Passwall                 Tmut/Erth      0%         N/A       100%        2
 Kindle Blastsparks       Fire/Tloc/Air  0%         2d10      100%        3
 Portal Projectile        Hex/Tloc       0%         N/A       100%        3
 Swiftness                Air            0%         N/A       100%        3
 Fulminant Prism          Conj/Hex       0%         3d5       100%        4
 Iskenderun's Mystic Bla  Conj/Tloc      0%         2d3       100%        4
 Leda's Liquefaction      Hex/Erth       0%         N/A       100%        4
 Olgreb's Toxic Radiance  Pois           0%         N/A       100%        4
 Petrify                  Tmut/Erth      0%         N/A       100%        4
 Lee's Rapid Deconstruct  Erth           0%         3d4*      100%        5
 Metabolic Englaciation   Hex/Ice        0%         N/A       100%        5
 Statue Form              Tmut/Erth      0%         N/A       100%        6
 Ozocubu's Refrigeration  Ice            0%         4d7       100%        7
 Ignition                 Fire           0%         3d3       100%        8
 Summon Small Mammal      Summ           Unusable   N/A       N/A         1
 Call Canine Familiar     Summ           Unusable   N/A       N/A         3

Dungeon Overview and Level Annotations

Branches:
Dungeon (15/15)            Temple (1/1) D:6            Lair (5/5) D:10
 Shoals (1/4) Lair:3        Snake (1/4) Lair:2        Slime (0/5) Lair:4
    Orc (2/2) D:11            Elf (0/3) Orc:2        Vaults (0/5) D:14
 Depths (0/4) D:15         Bailey (visited)         Gauntlet (visited)

Altars:
Ashenzari
Cheibriados
Dithmenos
Elyvilon
Fedhas
Gozag
Hepliaklqana
Kikubaaqudgha
Makhleb
Nemelex Xobeh
Okawaru
Qazlal
Ru
Sif Muna
Trog
Uskayaw
Vehumet
Wu Jian
Xom
Yredelemnul
Zin
The Shining One

Shops:
D:11 *   Orc:2 !(:

Portals:
Abyss: D:9
Pandemonium: Orc:2

Annotations:
D:9 2 transporters, hnicke's ghost, novice MfTm
D:10 3 runed translucent doors, Nebesus's ghost, journeyman NaVM


Innate Abilities, Weirdness & Mutations

You have a pair of horns on your head.
You reflexively headbutt those who attack you in melee.


Message History

The merfolk siren chants its luring song.
The merfolk siren barely misses you.
The merfolk hits you from afar with a +0 trident of flaming!
The merfolk burns you.
* * * LOW HITPOINT WARNING * * *
You feel better.
The merfolk hits you but does no damage.
The merfolk siren chants its luring song. x2
The merfolk hits you from afar with a +0 trident of flaming!
* * * LOW HITPOINT WARNING * * *
The merfolk burns you.
* * * LOW HITPOINT WARNING * * *
You are confused.
You feel invigorated.
The merfolk hits you but does no damage.
The merfolk siren chants its luring song. x2
The merfolk hits you but does no damage.
You can't go down here!
The merfolk hits you but does no damage.
The merfolk siren hits you but does no damage.
The merfolk siren hits you from afar with a +1 trident of flaming.
The merfolk siren burns you.
* * * LOW HITPOINT WARNING * * *
The merfolk hits you but does no damage.
In your confused state, you trip and fall back down the stairs.
* * * LOW HITPOINT WARNING * * *
The merfolk hits you from afar with a +2 spear of flaming!
* * * LOW HITPOINT WARNING * * *
The merfolk burns you!
* * * LOW HITPOINT WARNING * * *
The merfolk siren chants its luring song. x2
The merfolk barely misses you.
The merfolk hits you from afar with a +2 spear of flaming!
* * * LOW HITPOINT WARNING * * *
The merfolk burns you!
* * * LOW HITPOINT WARNING * * *
The merfolk siren closely misses you.
The merfolk siren hits you but does no damage.
The merfolk hits you from afar with a +0 trident of flaming!
You die...

......... ~~.....~~~
.##.:≈≈(.##.~..~.....
#...≈≈≈≈...#~........
#...≈≈≈≈...#~........
.##.$≈≈}.##.~.....~..
~.....)§..[~~....~~~~
~.#.#..#.#.m~m...~≈≈~
#m.#..[m.....~≈≈≈
~H##.~~~m.@...~~≈≈
~~~~~~~~^......~~≈≈
.................~~≈≈
................~~≈≈≈
.....~.........~~≈≈≈≈
.~~~......~~~≈≈≈≈≈
~~~~~~~.~~≈≈≈≈≈≈≈
≈≈~~~.~~≈≈≈≈≈≈≈


You could see 2 merfolk and 2 merfolk sirens.

Vanquished Creatures
  Jorgrun (Snake:1)
  Rupert (Snake:1)
  Kirke (Lair:5)
  Aizul (Snake:1)
  2 caustic shrike zombies (D:15)
  Louise (Snake:1)
  2 orc warlords
  A minotaur (Gauntlet)
  2 vault guards (D:14)
  4 catoblepae
  3 demonspawn (Orc:2)
  3 anacondas (Snake:1)
  4 boulder beetles
  3 hydras
  5 centaur warriors
  11 death yaks
  A naga warrior (Snake:1)
  A tengu warrior (D:13)
  2 two-headed ogres
  Urug (D:11)
  4 orc high priests (Orc:2)
  A shock serpent (Snake:1)
  Sonja (Lair:1)
  6 naga sharpshooters (Snake:1)
  A sun demon (Orc:2)
  3 fire crabs
  2 naga ritualists (Snake:1)
  2 skeletal warriors (D:15)
  6 orc knights
  5 deep elf pyromancers
  7 deep elf zephyrmancers (Orc:2)
  A phantasmal warrior (D:15)
  3 necromancers
  Pikel (D:4)
  5 mana vipers (Snake:1)
  3 manticores
  9 orc sorcerers
  6 ugly things
  A wizard (D:14)
  2 oklob plants (Lair:4)
  4 cyclopes
  A wolf spider (Lair:5)
  2 salamanders (Snake:1)
  A guardian serpent (Lair:5)
  A stone giant skeleton (D:15)
  4 naga magi (Snake:1)
  16 elephants
  A torpor snail (Lair:3)
  5 centaur zombies (D:12)
  18 black mambas
  18 cane toads
  7 komodo dragons
  An unseen horror (D:11)
  An efreet (D:13)
  2 rime drakes
  A hellwing (Orc:2)
  An ice devil (Orc:2)
  3 merfolk (Shoals:1)
  5 trolls
  A meliai (D:14)
  A tarantella (shapeshifter) (D:14)
  5 polar bears
  21 blink frogs
  5 hornets
  13 slime creatures
  Grinder (D:3)
  A meliai zombie (D:12)
  9 dream sheep
  An ettin zombie (D:15)
  A spriggan (Lair:2)
  13 flying skulls (Gauntlet)
  Sigmund (D:2)
  4 vampires
  3 shadows
  A spriggan (shapeshifter) (D:13)
  9 wyverns
  30 yaks
  6 hogs (Lair:5)
  2 fire bats (Shoals:1)
  A hog (shapeshifter) (D:13)
  18 humans (D:14)
  4 wraiths
  A neqoxec (Orc:2)
  9 vampire mosquitoes
  A basilisk (D:14)
  3 steam dragons
  5 redbacks (Lair:5)
  5 wargs
  6 acid dragons
  4 nagas (Snake:1)
  A swamp worm (Gauntlet)
  23 water moccasins
  A floating eye (shapeshifter) (D:15)
  48 orc warriors
  6 black bears
  A swamp drake (D:11)
  A sky beast (D:7)
  An elephant zombie (Lair:3)
  3 ice beasts
  23 wolves
  4 ogres
  13 centaurs
  2 lemures (D:4)
  9 kobold brigands
  7 bullfrogs
  4 gnoll sergeants (D:10)
  3 scorpions
  2 necrophages
  8 wights
  3 killer bees (D:9)
  2 howler monkeys
  2 electric eels
  A crimson imp (D:3)
  A lava snake (D:10)
  2 basilisk zombies (Lair:3)
  6 hounds
  4 jellies (D:6)
  Crazy Yiuf (D:5)
  28 orc priests
  2 gnoll boudas (D:10)
  An iguana (D:5)
  Terence (D:2)
  A boggart zombie (D:12)
  24 orc wizards
  27 gnolls (D:10)
  7 adders
  A shadow imp (D:5)
  A white imp (D:8)
  An ufetubus (D:5)
  3 worms
  3 dart slugs
  108 orcs
  5 endoplasms
  5 giant cockroaches
  8 hobgoblins
  15 jackals
  4 quokkas
  5 ball pythons
  4 bats
  2 frilled lizards
  12 goblins
  A goblin skeleton (D:3)
  3 goblin zombies (D:3)
  2 hobgoblin zombies (D:3)
  22 kobolds
  A kobold skeleton (D:3)
  2 kobold zombies (D:3)
  2 orc skeletons (D:3)
  An orc zombie (D:3)
  7 rats
887 creatures vanquished.

Vanquished Creatures (others)
  An unseen horror (D:11)
  2 meliai (D:14)
  A swamp worm (Gauntlet)
  An orc warrior (Orc:2)
  An orc (Orc:2)
  A butterfly (D:14)
  22 fungi
  44 plants
  8 withered plants (D:15)
81 creatures vanquished.

Grand Total: 968 creatures vanquished

Notes
Turn   | Place    | Note
-------+----------+-------------------------------------------
     0 | D:1      | MTVSty1e the Minotaur Fighter began the quest for the Orb.
     0 | D:1      | Reached XP level 1. HP: 19/19 MP: 0/0
    92 | D:1      | Reached skill level 3 in Axes
   134 | D:1      | Reached XP level 2. HP: 27/27 MP: 1/1
   340 | D:1      | Found a faded altar of an unknown god.
   887 | D:2      | Reached XP level 3. HP: 18/33 MP: 2/2
   919 | D:2      | Reached skill level 4 in Axes
  1602 | D:2      | Reached XP level 4. HP: 41/41 MP: 3/3
  1604 | D:2      | Noticed Sigmund
  1613 | D:2      | Killed Sigmund
  1614 | D:2      | Reached skill level 5 in Fighting
  1614 | D:2      | Reached skill level 6 in Axes
  1614 | D:2      | Reached XP level 5. HP: 9/48 MP: 4/4
  1933 | D:2      | Noticed Terence
  1939 | D:2      | Killed Terence
  2135 | D:3      | Found a glowing golden altar of the Shining One.
  2151 | D:3      | Reached XP level 6. HP: 53/56 MP: 5/5
  2243 | D:3      | Noticed Grinder
  2254 | D:3      | Killed Grinder
  2255 | D:3      | Reached skill level 7 in Axes
  2554 | D:3      | Found a burning altar of Makhleb.
  2887 | D:4      | Reached XP level 7. HP: 51/63 MP: 6/6
  2981 | D:4      | Noticed Pikel
  2989 | D:4      | Killed Pikel
  2990 | D:4      | Reached skill level 9 in Axes
  3145 | D:4      | Found a basalt altar of Yredelemnul.
  3145 | D:4      | Found a shadowy altar of Dithmenos.
  3146 | D:4      | Found an ancient bone altar of Kikubaaqudgha.
  3164 | D:4      | Reached XP level 8. HP: 73/73 MP: 7/7
  3170 | D:4      | Found a stormy altar of Qazlal.
  3452 | D:5      | Entered Level 5 of the Dungeon
  3675 | D:5      | Reached skill level 10 in Axes
  4082 | D:5      | Found a runed translucent door.
  4083 | D:5      | Noticed Crazy Yiuf
  4400 | D:5      | Killed Crazy Yiuf
  4775 | D:6      | Reached skill level 11 in Axes
  5008 | D:6      | Found a staircase to the Ecumenical Temple.
  5024 | D:6      | Reached XP level 9. HP: 81/83 MP: 8/8
  5031 | Temple   | Entered the Ecumenical Temple
  5232 | Temple   | Became a worshipper of Warmaster Okawaru
  5388 | D:6      | Reached skill level 12 in Axes
  5608 | D:7      | Found a flagged portal.
  5633 | Bailey   | Entered a bailey
  5819 | Bailey   | Reached * piety under Okawaru
  5932 | Bailey   | Noticed an orc knight
  5933 | Bailey   | Identified the +12 falchion of Action {flame, Int+2}
  5937 | Bailey   | Reached skill level 13 in Axes
  5942 | Bailey   | Reached skill level 10 in Fighting
  5968 | Bailey   | Killed an orc knight
  5968 | Bailey   | Reached ** piety under Okawaru
  5969 | Bailey   | Reached skill level 14 in Axes
  5969 | Bailey   | Reached XP level 10. HP: 61/94 MP: 9/9
  5974 | Bailey   | Found a bloodstained altar of Trog.
  6741 | D:7      | Found a hazy altar of Hepliaklqana.
  6743 | D:7      | Found a radiant altar of Vehumet.
  6945 | D:8      | Noticed a two-headed ogre
  6952 | D:8      | Killed a two-headed ogre
  6967 | D:8      | Reached skill level 15 in Axes
  7166 | D:8      | Found a hide-covered altar of Uskayaw.
  7195 | D:8      | Identified a scroll of acquirement
  7195 | D:8      | Acquired the ring of Pecho {rElec rPois rF- rC+++ Dex+6}
  7308 | D:8      | Found a white marble altar of Elyvilon.
  8046 | D:9      | Reached *** piety under Okawaru
  8282 | D:9      | Found a transporter.
  8291 | D:9      | Noticed a skeletal warrior
  8292 | D:9      | Found a transporter.
  8295 | D:9      | Noticed a manticore
  8302 | D:9      | Killed a manticore
  8313 | D:9      | Noticed a toenail golem
  8344 | D:9      | Noticed a toenail golem
  8359 | D:9      | Found a one-way gate to the infinite horrors of the Abyss.
  8359 | D:9      | Noticed hnicke's ghost (novice MfTm)
  8500 | D:9      | Reached skill level 16 in Axes
  8637 | D:9      | Reached **** piety under Okawaru
  8816 | D:9      | Reached XP level 11. HP: 104/104 MP: 10/10
  8826 | D:9      | Received a gift from Okawaru
  9304 | D:10     | Entered Level 10 of the Dungeon
 10534 | D:10     | Found a staircase to the Lair.
 10565 | D:10     | Reached skill level 17 in Axes
 10843 | D:10     | Found a runed translucent gate.
 10843 | D:10     | Found a runed translucent gate.
 10843 | D:10     | Found a runed translucent gate.
 10843 | D:10     | Noticed Nebesus's ghost (journeyman NaVM)
 11123 | D:10     | Found an ornate altar of the Wu Jian Council.
 11315 | Lair:1   | Entered Level 1 of the Lair of Beasts
 11315 | Lair:1   | Noticed Sonja
 11325 | Lair:1   | Killed Sonja
 11325 | Lair:1   | Reached ***** piety under Okawaru
 11769 | Lair:1   | Reached skill level 1 in Invocations
 12097 | Lair:1   | Identified the +9 executioner's axe of Fikh {drain, Dex+5}
                  | (Okawaru gifted it to you on level 1 of the Lair of Beasts)
 12097 | Lair:1   | Received a gift from Okawaru
 12273 | Lair:1   | Reached skill level 18 in Axes
 12273 | Lair:1   | Reached skill level 5 in Armour
 12273 | Lair:1   | Reached skill level 5 in Shields
 12617 | Lair:2   | Reached XP level 12. HP: 97/115 MP: 11/13
 13144 | Lair:2   | Found a staircase to the Snake Pit.
 13775 | Lair:3   | Found a staircase to the Shoals.
 13842 | Lair:3   | Noticed a death yak
 13843 | Lair:3   | Noticed a death yak
 13843 | Lair:3   | Noticed a death yak
 13843 | Lair:3   | Noticed a death yak
 13844 | Lair:3   | Noticed a death yak
 13876 | Lair:3   | Killed a death yak
 13886 | Lair:3   | Killed a death yak
 13889 | Lair:3   | Killed a death yak
 13895 | Lair:3   | Killed a death yak
 13898 | Lair:3   | Killed a death yak
 14222 | Lair:3   | Received a gift from Okawaru
 14248 | Lair:3   | Reached skill level 19 in Axes
 14585 | Lair:3   | Reached ****** piety under Okawaru
 15282 | Lair:3   | Reached skill level 5 in Invocations
 15322 | Lair:3   | Noticed a four-headed hydra
 15327 | Lair:3   | Killed a two-headed hydra
 15328 | Lair:3   | Reached XP level 13. HP: 117/125 MP: 15/15
 15778 | Lair:4   | Identified the +0 hat "Qirghidi" {Dex+4} (Okawaru gifted it
                  | to you on level 4 of the Lair of Beasts)
 15778 | Lair:4   | Received a gift from Okawaru
 16547 | Lair:4   | Found a staircase to the Slime Pits.
 17750 | Lair:4   | Reached skill level 20 in Axes
 18150 | Lair:5   | Entered Level 5 of the Lair of Beasts
 18173 | Lair:5   | Noticed Kirke
 18187 | Lair:5   | Reached skill level 15 in Fighting
 18270 | Lair:5   | Killed Kirke
 18275 | Lair:5   | Identified the +12 war axe of the Unliving {vorpal, Dex+3}
                  | (Okawaru gifted it to you on level 5 of the Lair of Beasts)
 18275 | Lair:5   | Received a gift from Okawaru
 19673 | Lair:5   | Reached XP level 14. HP: 110/135 MP: 18/18
 19802 | Lair:5   | Received a gift from Okawaru
 21259 | Lair:5   | Reached skill level 21 in Axes
 21373 | Lair:5   | Identified the +1 great sword "Demonbane" {vorpal, Will+++
                  | Int-3}
 22170 | D:11     | Found Ribonnag's Neck Hole.
 22178 | D:11     | Bought a scarf of repulsion for 156 gold pieces
 22483 | D:11     | Found a staircase to the Orcish Mines.
 22623 | D:11     | Reached skill level 10 in Shields
 22647 | D:11     | Noticed Urug
 22670 | D:11     | Killed Urug
 22671 | D:11     | Reached skill level 10 in Armour
 23459 | D:12     | Found an ancient bone altar of Kikubaaqudgha.
 23902 | D:12     | Identified the +7 plate armour of the Fortifying Gods
                  | {SInv} (Okawaru gifted it to you on level 12 of the
                  | Dungeon)
 23902 | D:12     | Received a gift from Okawaru
 24306 | D:13     | Found a gate leading to a gauntlet.
 24310 | Gauntlet | Entered a Gauntlet
 24310 | Gauntlet | Found a transporter.
 24310 | Gauntlet | Found a transporter.
 24310 | Gauntlet | Found a transporter.
 24322 | Gauntlet | Found a transporter.
 24325 | Gauntlet | Found a transporter.
 24336 | Gauntlet | Found a transporter.
 24341 | Gauntlet | Found a transporter.
 24348 | Gauntlet | Found a transporter.
 24366 | Gauntlet | Found a transporter.
 24383 | Gauntlet | Found a transporter.
 24386 | Gauntlet | Found a transporter.
 24396 | Gauntlet | Found a transporter.
 24404 | Gauntlet | Found the ring of Shadows {Umbra +Inv Stlth+}
 24578 | Gauntlet | Identified the ring of Mugo Budda {Fly rPois EV+4 Str+4}
 25767 | D:13     | Reached XP level 15. HP: 133/144 MP: 20/20
 26162 | D:14     | Identified the +3 mace "Ryseowk" {pain, rPois Will+ Str+5}
 26187 | D:14     | Found a bloodstained altar of Trog.
 26223 | D:14     | Received a gift from Okawaru
 26476 | D:14     | Found a gate to the Vaults.
 26755 | D:14     | Found a white marble altar of Elyvilon.
 26840 | D:14     | Reached skill level 22 in Axes
 27586 | D:15     | Entered Level 15 of the Dungeon
 29020 | D:15     | Identified the +3 battleaxe of Eternal Vigilance {freeze,
                  | Fragile rPois Str+6} (Okawaru gifted it to you on level 15
                  | of the Dungeon)
 29020 | D:15     | Received a gift from Okawaru
 29027 | D:15     | HP: 6/140 [necromancer/bolt of negative energy (25)]
 29444 | D:15     | Found a staircase to the Depths.
 29707 | Orc:1    | Entered Level 1 of the Orcish Mines
 30674 | Orc:2    | Entered Level 2 of the Orcish Mines
 30674 | Orc:2    | Found a staircase to the Elven Halls.
 31643 | Orc:2    | Found Ivual's Distillery.
 31653 | Orc:2    | Found Pollielaa's Distillery.
 31661 | Orc:2    | Found a burning altar of Makhleb.
 31666 | Orc:2    | Identified the +2 cloak of Chill Winds {rPois rN++ Str-5
                  | Dex+2} (Okawaru gifted it to you on level 2 of the Orcish
                  | Mines)
 31666 | Orc:2    | Received a gift from Okawaru
 32391 | Orc:2    | Reached XP level 16. HP: 85/154 MP: 20/22
 32776 | Orc:2    | Paralysed by an orc sorcerer for 5 turns
 33051 | Orc:2    | Reached skill level 23 in Axes
 33054 | Orc:2    | Found Desoavvi's Book Shop.
 33054 | Orc:2    | Found a one-way gate leading to the halls of Pandemonium.
 33054 | Orc:2    | Found Gomiaph's Antique Weapon Boutique.
 33057 | Orc:2    | Paralysed by an orc sorcerer for 3 turns
 33748 | Orc:2    | Bought a potion of might for 64 gold pieces
 33748 | Orc:2    | Bought a potion of brilliance for 64 gold pieces
 33748 | Orc:2    | Bought a potion of curing for 48 gold pieces
 33748 | Orc:2    | Bought a potion of curing for 48 gold pieces
 33748 | Orc:2    | Bought a potion of curing for 48 gold pieces
 33748 | Orc:2    | Bought a potion of curing for 48 gold pieces
 33748 | Orc:2    | Bought a potion of berserk rage for 80 gold pieces
 33748 | Orc:2    | Bought 2 potions of curing for 96 gold pieces
 33748 | Orc:2    | Bought a potion of curing for 48 gold pieces
 33750 | Orc:2    | Bought a potion of might for 48 gold pieces
 33750 | Orc:2    | Bought a potion of berserk rage for 60 gold pieces
 33750 | Orc:2    | Bought a potion of curing for 36 gold pieces
 33750 | Orc:2    | Bought a potion of curing for 36 gold pieces
 33919 | Shoals:1 | Entered Level 1 of the Shoals
 34274 | Lair:3   | Upgraded the game from 0.30-a0-347-gf58ed5266c to
                  | 0.30-a0-365-ge7f957f1db
 34274 | Lair:3   | Upgraded the game from 0.30-a0-365-ge7f957f1db to
                  | 0.30-a0-368-g86fb4627a9
 34626 | Snake:1  | Entered Level 1 of the Snake Pit
 34707 | Snake:1  | Received a gift from Okawaru
 34981 | Snake:1  | Reached skill level 10 in Invocations
 34992 | Snake:1  | Noticed Aizul
 35020 | Snake:1  | Killed Aizul
 35469 | Snake:1  | Noticed Jorgrun
 35480 | Snake:1  | Killed Jorgrun
 35480 | Snake:1  | Identified the +4 ring mail "Guinud" {Int+7} (Okawaru
                  | gifted it to you on level 1 of the Snake Pit)
 35480 | Snake:1  | Received a gift from Okawaru
 35651 | Snake:1  | Noticed Louise
 35667 | Snake:1  | Killed Louise
 35682 | Snake:1  | Noticed Rupert
 35727 | Snake:1  | Killed Rupert
 35730 | Snake:1  | HP: 3/155 [salamander/+0 halberd (13)]
 36478 | Shoals:1 | HP: 5/155 [merfolk/+2 spear of flaming (12)]
 36478 | Shoals:1 | Slain by a merfolk

Illustrated notes

Levels and vault maps discovered:
D:1:      spicycebolla_arrival_risky_transporter, layout_loops_corners,
          shapermc_ecumenical_altar_mp_urbaneastern
D:2:      layout_loops_ring, uniq_terence, uniq_jessica, uniq_sigmund
D:3:      layout_rooms, amcnicky_altar_gilded, nicolae_tso_besieged_by_evil,
          serial_glass, glass_columns_a, glass_columns_b, uniq_grinder
D:4:      layout_cave_pools, grunt_qazlal_clouds,
          chequers_temple_overflow_statue_of_worship, hangedman_decor_points,
          uniq_pikel
D:5:      layout_loops_ring, minmay_stone_trees_small, minmay_manual_mess,
          uniq_crazy_yiuf_cottage
D:6:      layout_rooms, minmay_temple_entry_water_ring
D:7:      corexii_shack_village, layout_basic,
          mainiacjoe_overflow_catwalk_spiral, enter_bailey_5
D:8:      layout_basic, mainiacjoe_overflow_boulevard,
          mainiacjoe_overflow_catwalk
D:9:      layout_gridville, gammafunk_ghost_abyssal_escape, st_stairs_8
D:10:     layout_cave_pools, nicolae_wu_jian_immortal_techniques,
          david_lair_shrubbed, ebering_ghost_rock_garden, serial_gnoll_camp,
          gnoll_camp_huts_moat, gnoll_camp_medium_02, gnoll_camp_mini_house,
          gnoll_camp_mini_loothouse, nicolae_kite_square_tiling_tiny,
          hangedman_abyss_or_decor_passed
D:11:     layout_cave_pools, erik_orc_1, nicolae_shop_sticking_my_neck_out,
          uniq_urug
D:12:     layout_irregular_city, serial_undead, serial_undead_b,
          serial_undead_d, serial_undead_c, serial_undead_a,
          nicolae_kikubaaqudgha_miasma_corner
D:13:     layout_loops_ring, gauntlet_entry_generic
D:14:     layout_stronghold, grunt_vaults_entry_tiered,
          nicolae_elyvilon_peaceful_grove, serial_shops, freezing_bzr,
          bloody_trog
D:15:     gammafunk_depths_entry_grave, layout_rooms,
          chequers_serial_rivers_room_a, chequers_serial_rivers_small_a
Temple:   minmay_temple_curvy_loop
Lair:1:   layout_cellular_growth, grunt_megastairs_3, uniq_sonja
Lair:2:   layout_chaotic_city, dummy_snake_entry,
          chequers_serial_rivers_large_b, grunt_forest_stairs_clearing,
          serial_bayou_shore_a
Lair:3:   pond_and_an_island_with_a_cottage, layout_gridlike,
          minmay_shoals_entry_centaurs, minmay_shattered_shrine
Lair:4:   nzn_winding_woodlands_small [nzn_winding_woodlands_5x15_default,
          nzn_winding_woodlands_center_pierced_h,
          nzn_winding_woodlands_5x15_crooked], layout_big_grid,
          minmay_slime_entry_oklob_open, st_stairs_6, infiniplex_staircase_pool,
          lemuel_fruit_tree
Lair:5:   hangedman_lair_tendril_chambers, layout_cave_pods, uniq_kirke
Shoals:1: layout_shoals, hangedman_shoal_volcano
Snake:1:  layout_onion_interference, grunt_ministairs_5,
          nicolae_snake_double_loop, serial_bayou_shore_b, uniq_louise,
          uniq_roxanne, uniq_rupert, uniq_aizul, uniq_jorgrun
Orc:1:    layout_caves, basic_altar
Orc:2:    pf_orc_diabolical, layout_caves, basic_altar, elves_outpost_lemuel

Skill      XL: |  1  2  3  4  5  6  7  8  9 10 11 12 13 14 15 16 |
---------------+-------------------------------------------------+-----
Axes           | 3 4 6 7 9 11 14 16 18 19 20 21 22 23 | 23.5
Fighting       | 4 5 6 7 9 10 12 13 14 15 16 17 | 17.5
Invocations    | 2 5 6 8 9 10 | 10.3
Armour         | 5 7 9 10 12 | 12.8
Shields        | 5 7 9 10 12 13 | 13.3

Action                   |  1- 3 |  4- 6 |  7- 9 | 10-12 | 13-15 | 16-18 || total
-------------------------+-------+-------+-------+-------+-------+-------++-------
Melee: War axe           |    98 |    12 |       |       |       |       ||   110
       Headbutt          |     9 |    13 |    23 |   127 |   359 |    74 ||   605
       Hand axe          |       |    53 |   167 |   536 |  1061 |       ||  1817
       Broad axe         |       |       |       |       |   219 |   293 ||   512
Invok: Heroism           |       |       |       |     4 |    14 |     6 ||    24
       Finesse           |       |       |       |     1 |     1 |       ||     2
Evoke: Wand              |       |       |       |       |    26 |       ||    26
  Use: Potion            |       |     1 |     1 |     5 |     4 |     7 ||    18
       Scroll            |       |     7 |     3 |    19 |    17 |     6 ||    52
Armor: Scale mail        |    47 |    10 |    42 |    32 |       |       ||   131
       Plate armour      |       |       |       |   188 |   621 |   156 ||   965
Dodge: Dodged            |    46 |    13 |    45 |   142 |   256 |    76 ||   578
       Repelled          |       |       |       |       |       |     5 ||     5
Block: Buckler           |    27 |     8 |    26 |    98 |   105 |       ||   264
       Tower shield      |       |       |       |       |   799 |   371 ||  1170

Table legend: (Time is in decaauts)
 A = Elapsed time spent in this place.
 B = Non-inter-level travel time spent in this place.
 C = Inter-level travel time spent in this place.
 D = Time resting spent in this place.
 E = Time spent auto-exploring this place.
 F = Levels seen in this place.
 G = Mean time per level.
                   A        B        C        D        E       F      G
               +--------+--------+--------+--------+--------+-----+--------+
         Total |  36076 |  34604 |   1472 |  13621 |  15954 |  27 | 1336.1 |
       Dungeon |  18024 |  17179 |    845 |   4832 |   9959 |  15 | 1201.6 |
        Temple |    236 |    202 |     34 |      0 |    186 |   1 |  236.0 |
          Lair |  11527 |  11099 |    428 |   5410 |   4406 |   5 | 2305.4 |
        Shoals |     98 |     98 |      0 |      5 |      0 |   1 |   98.0 |
     Snake Pit |   1389 |   1389 |      0 |   1015 |     59 |   1 | 1389.0 |
  Orcish Mines |   3896 |   3733 |    163 |   2231 |    917 |   2 | 1948.0 |
        Bailey |    484 |    484 |      0 |    123 |    272 |   1 |  484.0 |
      Gauntlet |    419 |    419 |      0 |      4 |    154 |   1 |  419.0 |
               +--------+--------+--------+--------+--------+-----+--------+

Top non-repeatable levels by time:
  Lair:3: 3030 daAuts
  Lair:5: 3029 daAuts
  Lair:4: 2958 daAuts
   Orc:2: 2852 daAuts
    D:14: 2472 daAuts
    D:10: 2090 daAuts
    D:11: 1551 daAuts
  Lair:1: 1403 daAuts
 Snake:1: 1389 daAuts
    D:13: 1290 daAuts
     D:9: 1243 daAuts
     D:2: 1234 daAuts
     D:8: 1109 daAuts
    D:12: 1107 daAuts
  Lair:2: 1105 daAuts
